Map: Vaani Research Station (Void)

Players

Rengen

  • Race: Zerg Zerg
  • League: Grandmaster
  • Spawn Location: 6:00

OhrlRokK - Winner!

  • Race: Protoss Protoss
  • League: Diamond
  • Spawn Location: 12:00

VOD

Have the link to the VOD?

Description

Time

  • Played on: Jan. 3, 2017, 6:42 a.m.
  • Length: 20:41
Show
View Real Time Build Order
Export as new Build Order

Rengen Zerg 

Build Orders: Hatch First 

Get SALT Encoding   

  12  0:08  Drone  
  12  0:13  Overlord  
  13  0:19  Drone  
  14  0:32  Drone x2  
  16  0:51  Hatchery  
  16  0:55  Drone  
  16  0:56  Extractor  
  15  1:13  Spawning Pool  
  15  1:15  Drone  
  15  1:21  Drone  
  15  1:22  Drone  
  17  1:33  Drone  
  17  1:39  Drone  
  19  1:51  Drone  
  20  2:05  Hatchery  
  20  2:06  Metabolic Boost  
  19  2:09  Zergling x2  
  19  2:14  Drone  
  21  2:16  Drone  
  21  2:18  Drone  
  23  2:23  Drone  
  23  2:29  Queen  
  26  2:35  Drone  
  26  2:36  Drone  
  28  2:41  Overlord  
  28  3:00  Drone  
  28  3:01  Drone x3  
  28  3:02  Queen  
  28  3:04  Overlord  
  34  3:11  Drone  
  35  3:18  Queen, Drone x3  
  40  3:26  Overlord  
  40  3:33  Zergling x2  
  40  3:34  Zergling x2  
  42  3:38  Overlord  
  42  3:42  Overlord  
  42  3:45  Zergling x2  
  42  3:46  Zergling x6  
  46  3:52  Roach Warren  
  46  3:53  Drone x3  
  48  4:02  Drone x3  
  51  4:04  Extractor  
  51  4:06  Extractor  
  49  4:10  Drone x3  
  49  4:14  Queen  
  49  4:15  Overlord  
  54  4:18  Drone x2  
  54  4:24  Spore Crawler  
  55  4:26  Drone x3  
  58  4:34  Spore Crawler  
  58  4:38  Lair  
  56  4:39  Drone x3  
  59  4:49  Roach x4  
  67  4:56  Roach x2  
  71  5:01  Drone x2  
  71  5:02  Overlord  
  73  5:10  Overlord  
  73  5:15  Spore Crawler  
  73  5:18  Overlord  
  72  5:21  Roach x3  
  72  5:22  Extractor, Roach  
  79  5:34  Roach x4  
  79  5:35  Roach  
  88  5:38  Drone x5  
  93  5:45  Drone  
  93  5:46  Drone x3  
  93  5:48  Overlord  
  97  5:55  Glial Reconstitution  
  97  6:09  Roach x4  
  97  6:10  Overlord x2  
  105  6:16  Overlord  
  105  6:20  Overlord x2  
  105  6:29  Roach x8  
  121  6:37  Overlord x2  
  121  6:45  Roach x3  
  121  6:46  Roach  
  129  6:51  Ravager x5  
  129  6:53  Overlord x2  
  134  7:03  Roach x3  
  134  7:04  Roach x3  
  134  7:05  Zergling x2  
  147  7:29  Roach x8  
  165  7:30  Roach x2  
  165  7:37  Drone x2  
  165  7:38  Drone x3  
  165  7:41  Overlord  
  170  7:48  Roach  
  170  7:57  Roach x2  
  170  7:58  Roach  
  139  8:09  Overseer  
  139  8:10  Overseer  
  139  8:12  Roach  
  139  8:13  Roach x11  
  144  8:36  Drone x5  
  144  8:40  Extractor  
  146  8:41  Extractor  
  145  8:49  Drone x2  
  145  8:50  Queen, Drone x2  
  145  8:53  Roach x3  
  156  9:04  Roach x3  
  156  9:08  Ravager  
  156  9:09  Ravager x3  
  166  9:11  Zergling x6  
  169  9:18  Zergling x6  
  137  9:34  Roach x6  
  141  9:42  Roach x2  
  139  9:50  Roach x5  
  139  9:55  Roach x3  
  145  10:00  Queen x3  
  151  10:07  Roach  
  151  10:08  Roach x2  
  151  10:13  Hatchery  
  149  10:18  Roach x3  
  155  10:23  Roach x2  
  155  10:24  Roach x4  
  155  10:27  Ravager x2  
  169  10:33  Baneling Nest, Zergling x12  
  174  10:36  Ravager x3  
  174  10:41  Zergling x4  
  179  11:01  Zergling x8  
  179  11:02  Zergling x4  
  179  11:03  Overlord x2  
  185  11:15  Pneumatized Carapace  
  187  11:25  Roach  
  187  11:26  Roach x6  
  187  11:29  Overlord  
  199  11:44  Centrifical Hooks  
  199  11:52  Baneling  
  199  11:53  Baneling x18  
  199  11:54  Baneling x13  
  197  12:20  Overseer  
  196  12:52  Spire  
  195  13:11  Zergling x38  
  195  13:12  Zergling x18  
  200  13:19  Roach x7  
  200  13:25  Extractor x2  
  194  13:41  Roach x3  
  195  13:58  Baneling x3  
  195  13:59  Baneling x29  
  195  14:00  Baneling x2  
  193  14:05  Overseer x2  
  135  14:24  Roach x6  
  135  14:25  Roach x17  
  168  14:44  Roach  
  168  14:45  Roach x5  
  166  14:50  Zergling x4  
  139  14:53  Ravager x3  
  139  14:54  Ravager x2  
  144  15:12  Ravager  
  144  15:13  Ravager  
  147  15:21  Zergling x4  
  148  15:34  Hatchery  
  145  15:41  Mutalisk x5  
  155  15:48  Roach x2  
  159  15:52  Ravager  
  159  15:53  Ravager x3  
  159  15:56  Roach  
  159  15:57  Roach  
  167  16:09  Mutalisk x3  
  171  16:16  Zergling x2  
  171  16:17  Zergling x6  
  173  16:29  Zergling x14  
  173  16:32  Baneling x4  
  178  16:45  Zergling x4  
  178  16:46  Zergling x10  
  175  17:06  Roach x5  
Show
View Real Time Build Order
Export as new Build Order

OhrlRokK Protoss - Winner!

Build Orders: 1 Gate Expand, Zealot Archon, Dark Templar Rush 

Get SALT Encoding   

  12  0:01  Probe (Chrono Boost)  
  13  0:11  Probe (Chrono Boost)  
  14  0:19  Pylon  
  14  0:22  Probe (Chrono Boost)  
  15  0:37  Probe (Chrono Boost)  
  15  0:40  Gateway  
  16  0:48  Probe (Chrono Boost)  
  17  0:50  Assimilator  
  17  0:58  Probe (Chrono Boost)  
  18  1:09  Probe (Chrono Boost)  
  19  1:19  Probe (Chrono Boost)  
  20  1:30  Nexus  
  20  1:39  Cybernetics Core  
  20  1:45  Assimilator  
  20  1:55  Pylon  
  20  1:56  Probe (Chrono Boost)  
  21  2:07  Probe (Chrono Boost)  
  22  2:12  Adept  
  24  2:32  Probe (Chrono Boost)  
  26  2:44  Probe (Chrono Boost), Stalker  
  26  2:49  Probe (Chrono Boost)  
  29  2:56  Probe (Chrono Boost)  
  30  3:00  Probe (Chrono Boost)  
  30  3:01  Twilight Council  
  30  3:03  Warp Gate  
  31  3:08  Probe (Chrono Boost)  
  31  3:11  Probe (Chrono Boost)  
  33  3:16  Adept  
  36  3:20  Probe (Chrono Boost)  
  36  3:22  Probe (Chrono Boost)  
  36  3:24  Robotics Facility  
  37  3:32  Probe x2 (Chrono Boost)  
  39  3:43  Probe (Chrono Boost)  
  39  3:45  Probe (Chrono Boost)  
  39  3:48  Dark Shrine  
  41  3:50  Assimilator  
  41  3:54  Assimilator  
  41  3:59  Gateway x2  
  42  4:03  Probe (Chrono Boost)  
  42  4:06  Probe (Chrono Boost)  
  42  4:07  Gateway  
  43  4:15  Warp Prism, Probe (Chrono Boost)  
  46  4:26  Pylon  
  46  4:33  Pylon  
  46  4:40  Pylon  
  46  4:44  Probe (Chrono Boost)  
  48  4:46  Probe (Chrono Boost)  
  48  4:52  Observer  
  49  4:55  Mothership Core (Chrono Boost)  
  49  4:58  Probe (Chrono Boost)  
  52  5:08  Dark Templar x4  
  52  5:10  Probe (Chrono Boost)  
  61  5:15  Probe (Chrono Boost)  
  62  5:23  Probe (Chrono Boost)  
  60  5:45  Probe (Chrono Boost)  
  60  5:47  Pylon  
  60  5:48  Pylon  
  61  5:51  Robotics Bay, Immortal  
  61  5:53  Archon x2  
  65  5:57  Nexus  
  65  6:01  Pylon  
  65  6:03  Pylon  
  65  6:07  Pylon  
  65  6:13  Dark Templar x2  
  65  6:14  Dark Templar  
  71  6:19  Dark Templar  
  71  6:22  Archon  
  71  6:23  Archon  
  74  6:40  Disruptor, Probe (Chrono Boost)  
  74  6:41  Probe (Chrono Boost)  
  78  6:50  Pylon  
  78  6:51  Pylon, Probe (Chrono Boost)  
  78  6:52  Probe (Chrono Boost)  
  78  6:53  Gateway  
  80  6:56  Gateway  
  80  6:58  Blink  
  80  6:59  Sentry, Forge  
  82  7:34  Dark Templar  
  82  7:35  Probe (Chrono Boost)  
  82  7:36  Disruptor  
  88  7:42  Pylon  
  88  7:44  Pylon  
  76  8:08  Stalker x4  
  76  8:11  Disruptor  
  87  8:33  Probe (Chrono Boost)  
  84  8:34  Protoss Ground Weapons Level 1  
  84  8:35  Stalker x4  
  84  8:39  Assimilator  
  92  8:47  Disruptor, Probe (Chrono Boost)  
  96  8:53  Pylon  
  96  8:55  Pylon, Probe (Chrono Boost)  
  97  9:18  Stalker x2  
  97  9:19  Stalker x4  
  97  9:23  Disruptor  
  92  9:50  Stalker x2  
  92  9:51  Stalker x4  
  102  9:58  Disruptor  
  103  10:23  Stalker x5  
  113  10:29  Probe (Chrono Boost)  
  113  10:30  Probe x2 (Chrono Boost)  
  113  10:31  Assimilator  
  113  10:33  Pylon  
  116  10:36  Gateway  
  116  10:38  Gateway x2  
  116  10:39  Probe (Chrono Boost)  
  116  10:41  Probe (Chrono Boost)  
  119  10:42  Probe (Chrono Boost)  
  119  10:44  Gateway  
  119  10:45  Pylon  
  119  10:46  Pylon x2  
  119  10:49  Gateway  
  119  10:50  Probe (Chrono Boost)  
  119  10:53  Dark Templar x3  
  119  10:54  Probe (Chrono Boost)  
  127  11:02  Probe x2 (Chrono Boost)  
  129  11:07  Probe (Chrono Boost)  
  129  11:09  Pylon  
  128  11:11  Pylon  
  128  11:12  Probe (Chrono Boost)  
  128  11:13  Pylon, Probe (Chrono Boost)  
  128  11:16  Protoss Ground Weapons Level 2  
  128  11:17  Disruptor  
  132  11:19  Pylon, Probe (Chrono Boost)  
  132  11:21  Pylon  
  132  11:23  Probe x2 (Chrono Boost)  
  134  11:27  Robotics Facility  
  134  11:34  Stalker x5  
  142  11:53  Observer  
  143  12:07  Stalker x5  
  143  12:08  Stalker  
  155  12:24  Pylon  
  155  12:26  Pylon  
  155  12:33  Nexus  
  155  12:35  Disruptor  
  158  12:50  Charge  
  158  12:54  Colossus  
  164  13:00  Pylon  
  164  13:13  Extended Thermal Lance  
  164  13:21  Nexus  
  164  13:22  Colossus  
  164  13:25  Pylon  
  170  13:28  Pylon  
  170  13:32  Protoss Ground Armor Level 1  
  170  13:33  Pylon  
  170  14:02  Dark Templar x6  
  182  14:06  Archon x3  
  182  14:11  Nexus  
  182  14:13  Pylon  
  182  14:15  Assimilator  
  182  14:19  Assimilator  
  182  14:22  Photon Cannon  
  137  14:25  Photon Cannon  
  137  14:27  Photon Cannon  
  137  14:28  Photon Cannon  
  118  14:32  Stalker x6  
  118  14:50  Disruptor x2  
  118  14:58  Probe (Chrono Boost)  
  119  15:11  Dark Templar x2  
  119  15:13  Zealot x9  
  141  15:15  Archon  
  141  15:22  Pylon  
  141  15:33  Disruptor x2  
  143  16:09  Disruptor  
  144  16:17  Zealot x2  
  144  16:18  Zealot x9  
  163  16:41  Stalker x3  
  163  16:42  Stalker x6  
  163  16:43  Stalker  
  145  19:05  Dark Templar x7  
  145  19:06  Dark Templar x4  
  145  19:09  Archon x4  
  145  19:10  Archon  
Tags
 
Add a new tag
Caveats
  • Supply blocks, unpowered buildings, or Contaminate may cause inaccurate times.
  • Supply counts are checked every 10 seconds.